Map: Goldenaura LE

Players

ohmygodism - Winner!

  • Race: Terran Terran
  • Spawn Location: 12:00

lIllIIlIIIlI

  • Race: Terran Terran
  • League: Platinum
  • Spawn Location: 5:00

VOD

Have the link to the VOD?

Description

I was called a smurf

Time

  • Played on: Feb. 22, 2024, 6:07 a.m.
  • Length: 3:43
Show
View Real Time Build Order
Export as new Build Order

ohmygodism Terran - Winner!

Build Orders:  

Get SALT Encoding   

  12  0:00  SCV  
  13  0:13  SCV  
  14  0:23  Supply Depot  
  14  0:25  SCV  
  15  0:45  SCV  
  15  0:46  Barracks  
  15  0:49  Refinery  
  16  0:57  SCV  
  16  1:00  Supply Depot  
  17  1:11  Supply Depot  
  17  1:15  SCV  
  18  1:31  Barracks  
  18  1:34  Marine  
  19  1:43  Barracks  
  19  1:52  Marine  
  19  1:53  SCV  
  21  2:03  Bunker  
  21  2:10  Marine  
  22  2:19  Marine  
  22  2:20  Bunker  
  23  2:28  Marine  
  24  2:31  Marine  
  24  2:32  Factory  
  25  2:53  Marine  
  26  2:59  Supply Depot  
  26  3:10  Marine  
Show
View Real Time Build Order
Export as new Build Order

lIllIIlIIIlI Terran 

Build Orders:  

Get SALT Encoding   

  12  0:00  SCV  
  13  0:12  SCV  
  14  0:18  Supply Depot  
  14  0:27  Refinery  
  14  0:42  Barracks  
  14  0:58  Barracks  
  14  1:07  Refinery  
  14  1:29  Reaper  
  15  1:35  SCV  
  16  1:44  Factory  
  16  1:57  Reaper  
  17  2:03  SCV  
  17  2:07  Reaper  
  20  2:15  SCV  
  20  2:31  Reaper  
  21  2:39  Reaper  
  18  3:02  SCV  
Tags
 
League
Platinum
Matchup
TvT
Race
Terran
Spawn Locations
Cross Positions
Add a new tag
Caveats
  • Supply blocks, unpowered buildings, or Contaminate may cause inaccurate times.
  • Supply counts are checked every 10 seconds.